 Dungeon Crawl Stone Soup version 0.31.0-12-g77e489cdc1 (webtiles) character file.

Game seed: 10143395325443988444

132 Gadfly the Shooter (level 5, 0/31 HPs)
             Began as a Kobold Hunter on Feb 13, 2024.
             Killed by nerve-wracking pain
             ... invoked by a shadow imp
              (14 damage)
             ... on level 4 of the Dungeon on Feb 14, 2024.
             The game lasted 00:10:42 (3198 turns).

Gadfly the Shooter (Kobold Hunter)                  Turns: 3198, Time: 00:10:42

Health: 0/31       AC:  8    Str:  8    XL:     5   Next: 38%
Magic:  6/6        EV: 15    Int: 11    God:
Gold:   145        SH:  0    Dex: 20    Spells: 2/4 levels left

rFire   . . .        a - +0 shortbow
rCold   . . .        (shield currently unavailable)
rNeg    . . .        h - +3 leather armour
rPois   .            (no helmet)
rElec   .            m - +1 cloak
rCorr   .            (no gloves)
SInv    +            (no boots)
Will    .....        (no amulet)
Stlth   +++          g - ring of see invisible
HPRegen 0.25/turn    (no ring)
MPRegen 0.10/turn

%: no passive effects
@: no status effects
A: small, no large weapons, nightstalker 3
a: no special abilities


You were on level 4 of the Dungeon.
You visited 1 branch of the dungeon, and saw 4 of its levels.

You collected 202 gold pieces.
You spent 57 gold pieces at shops.

Inventory:

Hand Weapons
 a - a +0 shortbow (weapon)
 b - a +2 short sword of venom
 o - a +1 falchion of protection
Armour
 h - a +3 leather armour (worn)
 m - a +1 cloak (worn)
Jewellery
 g - a ring of see invisible (left hand)
Scrolls
 d - a scroll of teleportation
 j - a scroll of torment {unknown}
 l - a scroll of butterflies
Potions
 c - a potion of mutation {unknown}
 e - a potion of attraction
 f - a potion of resistance
 i - a potion of heal wounds
 k - a potion of curing
 n - 2 potions of might


   Skills:
 + Level 2.7 Fighting
 + Level 5.9 Ranged Weapons
 * Level 3.6 Dodging
 - Level 1.3 Stealth
 * Level 2.2 Invocations
 * Level 2.6 Evocations


You had 2 spell levels left.
You knew the following spells:

 Your Spells              Type           Power      Damage    Failure   Level
a - Blink                 Tloc           0%         N/A       61%         2

Your spell library contained the following spells:

 Spells                   Type           Power      Damage    Failure   Level
 Foxfire                  Conj/Fire      0%         2x1d4     45%         1
 Magic Dart               Conj           0%         1d3       45%         1
 Call Imp                 Summ           0%         N/A       61%         2
 Call Canine Familiar     Summ           0%         N/A       83%         3
 Sigil of Binding         Hex            0%         N/A       83%         3
 Dimensional Bullseye     Hex/Tloc       0%         N/A       99%         4


Dungeon Overview and Level Annotations

Branches:
Dungeon (4/15)
 Temple: D:4-7

Altars:
Qazlal

Shops:
D:1 *   D:3 =


Innate Abilities, Weirdness & Mutations

You are small and have problems with some larger weapons.
You are completely attuned to the shadows.


Message History

You shoot an arrow.
The arrow closely misses the shadow imp.
The shadow imp shouts, "Bolt, thou goatish pigeon-egg prigger-of-prances!"
You hear a shout! x2
The shadow imp gestures at you. Pain shoots through your body!
You shoot an arrow. The arrow barely misses the shadow imp.
You shoot an arrow.
The arrow closely misses the shadow imp.
You shoot an arrow.
The arrow completely misses the shadow imp.
You shoot an arrow.
The arrow hits the shadow imp but does no damage.
The shadow imp closely misses you.
The shadow imp shouts, "Scamper away, thou unctious milk-livered clotpole!"
The shadow imp gestures at you. Pain shoots through your body!
A shadow imp is nearby!
You are too injured to fight recklessly!
You are too injured to fight recklessly!
You are too injured to fight recklessly!
You are too injured to fight recklessly!
You are too injured to fight recklessly!
You shoot an arrow. The arrow hits the shadow imp.
The shadow imp is moderately wounded.
The shadow imp barely misses you.
You shoot an arrow. The arrow hits the shadow imp.
The shadow imp is almost dead.
The shadow imp closely misses you.
You shoot an arrow.
The arrow hits the shadow imp but does no damage.
The shadow imp is almost dead.
The shadow imp misses you.
An orc comes into view. It is wielding a +0 short sword.
You shoot an arrow.
The arrow hits the shadow imp but does no damage.
The shadow imp is almost dead.
The shadow imp gestures at you. Pain shoots through your body!
You die...

#.######.# #........# ...
##...†)...###...
##.###............ .#.#
#.#.#.#.#.......
#..###..###..#..o<.(.
##.....## ##........
#.####..###......5#
.#####.#.#...###@#
....##.......###.#
###.###...)......# #.#
#.#....###.# ### #.# #.#.#.##
#.# #.. ###.###.#..#.###.##
#.# .<........###.#.#.###>#
###.##...##
##.###..#.#########
#.##..#.###.#.#...........#.##


You could see a shadow imp and an orc.

Vanquished Creatures
  3 adders
  2 dart slugs
  3 ribbon worms
  11 orcs
  4 ball pythons
  6 bats
  7 endoplasms
  3 giant cockroaches
  7 goblins
  5 hobgoblins
  4 jackals (D:1)
  5 quokkas
  6 frilled lizards
  7 kobolds
  5 rats (D:1)
78 creatures vanquished.

Notes
Turn   | Place    | Note
-------+----------+-------------------------------------------
     0 | D:1      | Gadfly the Kobold Hunter began the quest for the Orb.
     0 | D:1      | Reached XP level 1. HP: 12/12 MP: 1/1
    32 | D:1      | Reached XP level 2. HP: 17/17 MP: 2/2
    51 | D:1      | Reached skill level 1 in Evocations
   452 | D:1      | Reached skill level 1 in Invocations
   452 | D:1      | Reached XP level 3. HP: 22/22 MP: 3/3
   552 | D:1      | Found a faded altar of an unknown god.
   557 | D:1      | Got Plato's Compendium of Ashes
   810 | D:1      | Found Quyhessoma's Assorted Antiques.
   829 | D:1      | Bought a smoky grey potion for 27 gold pieces
   829 | D:1      | Bought a scroll labelled FOOHUYPH SOIZOF for 30 gold pieces
  1170 | D:1      | Learned a level 2 spell: Blink
  1304 | D:2      | Reached XP level 4. HP: 27/27 MP: 5/5
  1419 | D:2      | Found a stormy altar of Qazlal.
  2715 | D:3      | Found Ramau's Jewellery Shop.
  2766 | D:3      | Reached XP level 5. HP: 27/31 MP: 6/6
  3198 | D:4      | Killed from afar by a shadow imp

Illustrated notes

Levels and vault maps discovered:
D:1:      psy_arrival_radial01, layout_loops_corners,
          shapermc_ecumenical_altar_rom_forum, serial_shops, shop
D:2:      layout_basic, basic_altar
D:3:      layout_basic, serial_shops, nicolae_lakefront_shop, wad_orctagon
D:4:      layout_loops_ring

Skill      XL: |  1  2  3  4  5 |
---------------+----------------+-----
Evocations     | 1 2 |  2.6
Invocations    | 1 2 |  2.2
Dodging        | 3 |  3.6
Fighting       | |  2.7
Ranged Weapons | |  5.9
Stealth        | |  1.3

Action                     |  1- 3 |  4- 6 || total
---------------------------+-------+-------++-------
   Fire: Shortbow          |    77 |   116 ||   193
    Use: Scroll            |     5 |     4 ||     9
         Potion            |       |     1 ||     1
 Armour: Leather armour    |    10 |    26 ||    36
  Dodge: Dodged            |    23 |    46 ||    69
